 Dungeon Crawl Stone Soup version 0.17-a0-1910-g4c791fa (webtiles) character file.

1164 kae the Carver (level 8, -3/64 HPs)
             Began as a Minotaur Fighter on Sept 25, 2015.
             Was an Initiate of Qazlal.
             Killed from afar by an electric eel (7 damage)
             ... with a bolt of electricity
             ... on level 7 of the Dungeon.
             The game lasted 00:07:31 (5653 turns).

kae the Carver (Minotaur Fighter)                   Turns: 5653, Time: 00:07:32

Health: -3/64      AC: 11    Str: 21    XL:     8   Next: 17%
Magic:  2/2        EV:  7    Int:  6    God:    Qazlal [......]
Gold:   108        SH:  9    Dex: 11    Spells: 0 memorised, 7 levels left

rFire  . . .     SeeInvis .     l - +3 falchion (antimagic)
rCold  . . .     Clarity  .     b - +1 scale mail
rNeg   . . .     SustAt   .     c - +0 shield
rPois  .         Gourm    .     (helmet restricted)
rElec  .         Spirit   .     y - +2 cloak
rCorr  .         Warding  .     (no gloves)
rMut   +         Stasis   .     (no boots)
MR     +....                    I - amulet of resist mutation
Stlth  +.........               m - ring of stealth
                                g - ring of protection from magic

@: somewhat resistant to hostile enchantments, very unstealthy
A: retaliatory headbutt, horns 2
a: Renounce Religion


You were on level 7 of the Dungeon.
You worshipped Qazlal.
Qazlal was noncommittal.
You were very hungry.

You visited 2 branches of the dungeon, and saw 8 of its levels.
You also visited: Sewer.

You collected 368 gold pieces.
You spent 260 gold pieces at shops.

Inventory:

Hand weapons
 a - a +0 long sword
 l - a +3 antimagic falchion (weapon)
Armour
 b - a +1 scale mail (worn)
 c - a +0 shield (worn)
 y - a +2 cloak (worn)
Jewellery
 g - a ring of protection from magic (left hand)
 m - a ring of stealth (right hand)
 p - a +6 ring of intelligence
 F - an uncursed ring of protection from magic
 H - an uncursed amulet of faith
 I - an amulet of resist mutation (around neck)
Magical devices
 n - a wand of frost (37)
 w - a wand of slowing (48)
Scrolls
 s - a scroll of teleportation
 C - a scroll of enchant armour
 D - a scroll of identify
 E - a scroll of amnesia
Potions
 d - 2 potions of heal wounds
 k - a potion of lignification
 o - 2 potions of ambrosia
 r - a potion of haste
 v - 2 potions of agility
 x - 2 potions of cancellation
 z - 4 potions of curing
 A - a potion of flight
 B - 2 potions of mutation
Books
 q - a Fen Folio

   Spells                             Type                      Level
   a - Corpse Rot                     Necromancy                   2
   b - Stone Arrow                    Conjuration/Earth            3
   c - Leda's Liquefaction            Hexes/Earth                  4
   d - Summon Forest                  Summoning/Translocation      5
   e - Hydra Form                     Transmutation                6
   f - Summon Hydra                   Summoning                    7
 t - a book of Transfigurations

   Spells                             Type                      Level
   a - Stoneskin                      Transmutation/Earth          2
   b - Irradiate                      Conjuration/Transmutation    5
   c - Statue Form                    Transmutation/Earth          6
   d - Hydra Form                     Transmutation                6
   e - Dragon Form                    Transmutation                7
 u - a book of Annihilations

   Spells                             Type                      Level
   a - Poison Arrow                   Conjuration/Poison           6
   b - Chain Lightning                Conjuration/Air              8
   c - Lehudib's Crystal Spear        Conjuration/Earth            8
   d - Glaciate                       Conjuration/Ice              9
   e - Fire Storm                     Conjuration/Fire             9
Comestibles
 e - 4 bread rations
 f - a beef jerky
 h - 3 meat rations
 i - a slice of pizza
 j - 3 fruits


   Skills:
 - Level 3.6 Fighting
 + Level 11.6 Long Blades
 - Level 3.6 Armour
 - Level 3.6 Shields


You had 7 spell levels left.
You didn't know any spells.

Dungeon Overview and Level Annotations

Branches:
Dungeon (7/15)             Temple (1/1) D:4

Altars:
Cheibriados
Elyvilon
Fedhas
Gozag
Kikubaaqudgha
Makhleb
Nemelex Xobeh
Okawaru
Qazlal
Ru
Sif Muna
Xom
Zin

Shops:
D:4 }   D:5 %*(}=   D:6 }


Innate Abilities, Weirdness & Mutations

You reflexively headbutt those who attack you in melee.
You have a pair of horns on your head.


Message History

The bolt of electricity hits the electric eel.
The electric eel completely resists.
You are too injured to fight recklessly!
Unknown command.
You miss the electric eel. Your headbutt misses the electric eel.
The electric eel is severely wounded.
Unknown command.
Your shield and scale mail prevent you from hitting the electric eel.
You headbutt the electric eel.
The electric eel is almost dead.
The electric eel shoots out a bolt of lightning at you!
The bolt of electricity misses you. The bolt of electricity hits you!
* * * LOW HITPOINT WARNING * * *
The bolt of electricity hits the electric eel.
The electric eel completely resists.
You miss the electric eel.
The electric eel is almost dead.
The electric eel shoots out a bolt of lightning at you!
The bolt of electricity hits you!
You die...

.#♣≈≈.............
♣P≈≈P♣............
♣P≈≈P≈≈P...........
♣≈P≈P≈≈≈##.##......
♣♣P≈≈≈≈≈♣ #(# .....
≈≈P≈≈≈≈≈♣##.##......
≈≈≈≈≈≈≈≈≈##..#......
≈≈≈≈≈≈≈♣..##)#......
........@.)....#+########
≈≈≈≈≈≈≈;)#...............
≈P≈≈≈≈≈♣.................
≈P≈≈≈≈P..#....>..........
≈PP≈♣♣####...............
≈≈♣ #...............
####............
#............
#..#'########


You could see an electric eel.

Vanquished Creatures
  Eustachio (D:4)
  The ghost of kae the Chopper, an average HOFi (D:4)
  Purgy (Sewer)
  A sky beast (D:5)
  An ice beast (D:5)
  A giant frog (D:6)
  A big kobold (D:7)
  A scorpion (D:5)
  A hound (D:4)
  2 centaur zombies (D:6)
  Ijyb (D:2)
  2 orc wizards
  2 worker ants (D:5)
  An iguana (D:6)
  A hound skeleton (D:4)
  5 adders
  A river rat (D:5)
  A shadow imp (D:5)
  An ooze (D:4)
  3 worms
  2 giant geckos (D:6)
  18 orcs
  2 ball pythons
  4 giant cockroaches
  4 goblins (D:1)
  4 hobgoblins
  2 quokkas
  7 bats
  3 giant newts
  A jackal (D:2)
  A jackal skeleton (D:4)
  A jackal zombie (D:6)
  16 kobolds
  7 rats
101 creatures vanquished.

Vanquished Creatures (others)
  2 kobolds (D:7)
2 creatures vanquished.

Grand Total: 103 creatures vanquished

Notes
Turn   | Place    | Note
--------------------------------------------------------------
     0 | D:1      | kae the Minotaur Fighter began the quest for the Orb.
     0 | D:1      | Reached XP level 1. HP: 19/19 MP: 0/0
   181 | D:1      | Reached XP level 2. HP: 26/26 MP: 1/1
   921 | D:2      | Reached skill level 4 in Long Blades
   921 | D:2      | Reached XP level 3. HP: 27/31 MP: 2/2
  1128 | D:2      | Found a sacrificial altar of Ru.
  1151 | D:2      | Reached skill level 5 in Long Blades
  1202 | D:2      | Found a blossoming altar of Fedhas.
  1311 | D:2      | Noticed Ijyb
  1318 | D:2      | Killed Ijyb
  1318 | D:2      | Reached XP level 4. HP: 37/39 MP: 3/3
  2049 | D:3      | Reached skill level 6 in Long Blades
  2064 | D:3      | Reached XP level 5. HP: 5/45 MP: 4/4
  2621 | D:3      | Found a deep blue altar of Sif Muna.
  2806 | D:4      | Found a burning altar of Makhleb.
  2809 | D:4      | Found a snail-covered altar of Cheibriados.
  2856 | D:4      | Found Firr's Gadget Shop.
  2881 | D:4      | Noticed Eustachio
  2893 | D:4      | Killed Eustachio
  2893 | D:4      | Reached skill level 7 in Long Blades
  2893 | D:4      | Reached XP level 6. HP: 30/51 MP: 1/5
  2926 | D:4      | Reached skill level 8 in Long Blades
  3105 | D:4      | Noticed kae's ghost (average HOFi)
  3136 | D:4      | Killed kae's ghost
  3136 | D:4      | Reached skill level 9 in Long Blades
  3355 | D:4      | Found a staircase to the Ecumenical Temple.
  3385 | Temple   | Entered the Ecumenical Temple
  3493 | Temple   | Became a worshipper of Qazlal Stormbringer
  3721 | D:5      | Entered Level 5 of the Dungeon
  3775 | D:5      | Found Heruat's Gadget Shoppe.
  3843 | D:5      | Found Kobleera's Assorted Antiques.
  3846 | D:5      | Bought a blackened coral ring for 130 gold pieces
  3846 | D:5      | Bought a large brass ring for 130 gold pieces
  3877 | D:5      | Reached XP level 7. HP: 57/57 MP: 2/6
  3879 | D:5      | Found Eshuhae's Antique Weapon Boutique.
  3885 | D:5      | Found an ancient bone altar of Kikubaaqudgha.
  3937 | D:5      | Found Jyxeckir's Jewellery Shop.
  4033 | D:5      | Found a glowing drain.
  4037 | Sewer    | Entered a sewer
  4153 | Sewer    | Noticed Purgy
  4161 | Sewer    | Killed Purgy
  4161 | Sewer    | Reached skill level 10 in Long Blades
  4265 | D:5      | Found Gazaq's Food Boutique.
  4808 | D:6      | Reached skill level 11 in Long Blades
  4832 | D:6      | Found Hycweliu's Gadget Shoppe.
  5105 | D:6      | Found a sparkling altar of Nemelex Xobeh.
  5148 | D:6      | Reached XP level 8. HP: 62/64 MP: 2/7
  5653 | D:7      | Killed from afar by an electric eel

Vault maps used:
D:1:      dpeg_arrival_renting, serial_park_tiny_1
D:2:      lemuel_doored_altar, nrook_uturn, hangedman_decor_lopped,
          fedhas_altar_2, uniq_iyjb
D:3:      lemuel_blue_sif_altar
D:4:      cheibriados_altar_1, minmay_temple_entry_mist, serial_shops, shop,
          bloody_makhleb, uniq_eustachio
D:5:      serial_shops, nicolae_shop_behind_doors, kennysheep_mini_moat, shop,
          nicolae_shop_crystal, nicolae_shop_behind_doors, basic_altar,
          gup_sewer_entry_bowl, first_bread, kennysheep_minor_cross
D:6:      nemelex_deck, serial_shops,
          nicolae_shop_temple_entry_statues_fountains
D:7:      serial_bayou_lagoon_b
Temple:   minmay_temple_bridge_a_8
Sewer:    kennysheep_door_sewer

Action                   |  1- 3 |  4- 6 |  7- 9 || total
-------------------------+-------+-------+-------++-------
Melee: Long sword        |    73 |    51 |       ||   124
       Falchion          |       |    81 |   113 ||   194
  Use: Potion            |       |     4 |       ||     4
       Scroll            |       |    13 |     5 ||    18
  Eat: Chunk             |       |     7 |     5 ||    12
       Fruit             |       |     2 |       ||     2
